 Dungeon Crawl Stone Soup version 0.14-a0-1403-g5d3c58f (webtiles) character file.

7190 PolkaDot the Conjurer (level 10, -2/63 HPs)
             Began as a Vampire Conjurer on Dec 10, 2013.
             Was a Believer of Vehumet.
             Shot with an arrow by a centaur warrior (12 damage)
             ... on Level 11 of the Dungeon.
             The game lasted 01:14:07 (11018 turns).

PolkaDot the Conjurer (Vampire Conjurer)           Turns: 11018, Time: 01:14:37

HP  -2/63        AC  2     Str  7      XL: 10   Next: 76%
MP  13/18        EV 12     Int 20      God: Vehumet [**....]
Gold 410         SH  0     Dex 14      Spells:  5 memorised,  2 levels left

rFire  + . .     SeeInvis +     F - +4,+3 dwarf short sword (speed)
rCold  . . .     Clarity  .     a - -1 robe
rNeg   . . .     Conserve +     (no shield)
rPois  .         rCorr    .     (no helmet)
rElec  .         rRot     .     (no cloak)
SustAb . .       Spirit   .     x - +0 pair of gloves
rMut   .         Warding  .     (no boots)
Saprov . . .     Stasis   .     A - amulet of conservation
                                m - ring of wizardry
                                g - ring of protection from fire

@: regenerating very quickly, about to teleport, somewhat resistant to hostile
enchantments, stealthy
A: bottle blood, fangs 3, see invisible, unbreathing
a: Bottle Blood, Renounce Religion


You were on level 11 of the Dungeon.
You worshipped Vehumet.
Vehumet was pleased with you.
You were almost alive.

You visited 2 branches of the dungeon, and saw 12 of its levels.

You collected 410 gold pieces.

Inventory:

Hand weapons
 F - a +4,+3 dwarven short sword of speed (weapon)
Armour
 a - a -1 robe (worn)
 i - a +0 buckler
 o - a cursed +0 elven chain mail
 x - a +0 pair of gloves (worn)
Magical devices
 b - a wand of fire (5)
 f - a wand of enslavement (10)
 j - a wand of invisibility (0)
 l - a wand of fire (0)
 s - a wand of frost (7)
 y - a wand of digging (9)
Scrolls
 d - 3 scrolls of identify
 e - a scroll of teleportation
 p - 3 scrolls of remove curse
Jewellery
 g - a ring of protection from fire (left hand)
 m - a ring of wizardry (right hand)
 A - an amulet of conservation (around neck)
Potions
 n - 3 potions of restore abilities
 q - 10 potions of blood
 r - 2 potions of resistance
 t - a potion of lignification
 w - a potion of flight
 C - 4 potions of curing
Books
 c - a book of Conjurations

   Spells                             Type                      Level
   *Magic Dart                        Conjuration                  1
   *Searing Ray                       Conjuration                  2
   Dazzling Spray                     Conjuration/Hexes            3
   *Iskenderun's Mystic Blast         Conjuration                  4
   Iskenderun's Battlesphere          Conjuration/Charms           4
   *Fulminant Prism                   Conjuration/Hexes            5
Miscellaneous
 z - a legendary deck of changes {the Sage}
Rods
 v - a +0 rod of the swarm (14/14)
   (You found it on level 7 of the Dungeon)


   Skills:
 - Level 2.1 Dodging
 - Level 3.0 Stealth
 + Level 3.1 Spellcasting
 * Level 12.3 Conjurations
 - Level 5.1 Hexes


You had 2 spell levels left.
You knew the following spells:

 Your Spells              Type           Power        Failure   Level  Hunger
a - Magic Dart            Conj           ####         1%          1    None
d - Iskenderun's Mystic   Conj           ######..     1%          4    ####...
f - Fulminant Prism       Conj/Hex       #####.....   4%          5    #####..
s - Searing Ray           Conj           ######       1%          2    ##.....
z - Shock                 Conj/Air       ####         1%          1    None


Dungeon Overview and Level Annotations

Branches:
Dungeon (11/16)            Temple (1/1) D:7
    Orc: D:9-12        Lair: D:8-11

Altars:
Ashenzari
Cheibriados
Elyvilon
Fedhas
Kikubaaqudgha
Makhleb
Nemelex Xobeh
Okawaru
Sif Muna
Trog
Vehumet
Xom
Yredelemnul
Zin
the Shining One
Lugonu

Shops:
D:9 }   D:10 (

Portals:
Ziggurat: D:7 (5310 gp)

Annotations:
D:6 3 exclusions


Innate Abilities, Weirdness & Mutations

Your natural rate of healing is extremely fast.
You can bottle blood from corpses.
You have razor-sharp teeth.*
You have supernaturally acute eyesight.
You can survive without breathing.*


Message History

Your fulminant prism detonates feebly.
Things that are here:
an arrow; an arrow of flame Drink which item? (? for menu, Esc to quit)
Okay, then.
Read which item? (? for menu, Esc to quit)
As you read the scroll of teleportation, it crumbles to dust.
You feel strangely unstable.
The centaur shoots an arrow of flame.
The arrow of flame misses you.
The centaur shoots an arrow.
The arrow misses you.
The centaur shoots an arrow.
The arrow misses you.
A centaur warrior comes into view.
Drink which item? (? for menu, Esc to quit)
Yummy - fresh blood!
The centaur warrior shouts!
The centaur shoots an arrow.
The arrow hits you!
The centaur shoots an arrow.
The arrow hits you!
* * * LOW HITPOINT WARNING * * *
The centaur warrior wields a longbow.
The centaur warrior shoots an arrow.
The arrow hits you!
You die...

.............#..##
..................
......../.........#
...................#
...................#
..................#
.................<##
...........(.#.....#
...........@#.#.....#
#.....#.#..(........#
.........#(#.#...#.##
.........(##.##.####
.....c(..(......#
......=....##.##
...........####
....ccc...##
.##.....##


You could see a centaur warrior and 3 centaurs.

Vanquished Creatures
  A troll (D:11)
  A wraith (D:9)
  A hippogriff (D:7)
  A wolf (D:9)
  2 hungry ghosts
  A necrophage (D:6)
  A soldier ant (D:8)
  3 orc warriors
  2 yellow wasps
  2 ice beasts
  2 phantoms
  3 black bears
  5 ogres
  4 centaurs
  2 sky beasts (D:5)
  6 giant frogs
  3 gnoll sergeants
  An agate snail (D:3)
  7 killer bees
  5 wights (D:7)
  4 crimson imps
  2 centaur skeletons (D:9)
  3 jellies
  3 gnoll shamans
  8 hounds
  A spider (D:8)
  4 orc priests
  10 worker ants
  2 iguanas
  2 scorpions
  12 orc wizards
  A mummy (D:8)
  2 worker ant zombies
  13 adders
  35 gnolls
  2 giant centipedes
  4 worms
  An inept feature mimic (D:8)
  An adder zombie (D:6)
  An adder skeleton (D:5)
  2 giant eyeballs
  7 giant geckos
  An ooze (D:1)
  32 orcs
  8 bats
  4 giant cockroaches
  7 goblins
  19 hobgoblins
  5 jackals
  A quokka (D:10)
  A ball python (D:4)
  A giant gecko skeleton (D:4)
  7 giant newts
  2 giant spores
  A hobgoblin skeleton (D:8)
  14 kobolds
  A quokka skeleton (D:5)
  18 rats
  5 ballistomycetes
300 creatures vanquished.

Vanquished Creatures (others)
  9 fulminant prisms
  A giant frog skeleton (D:8)
  A giant spore (D:8)
11 creatures vanquished.

Grand Total: 311 creatures vanquished

Notes
Turn   | Place    | Note
--------------------------------------------------------------
     0 | D:1      | PolkaDot, the Vampire Conjurer, began the quest for the Orb.
     0 | D:1      | Reached XP level 1. HP: 13/13 MP: 3/3
   379 | D:1      | Reached XP level 2. HP: 19/19 MP: 0/4
   462 | D:1      | Learned a level 2 spell: Searing Ray
  1162 | D:2      | Reached XP level 3. HP: 11/24 MP: 0/6
  1218 | D:2      | Reached skill level 4 in Conjurations
  1528 | D:2      | Reached XP level 4. HP: 25/30 MP: 3/7
  2378 | D:3      | Learned a level 4 spell: Iskenderun's Mystic Blast
  2743 | D:3      | Reached XP level 5. HP: 17/35 MP: 3/9
  2786 | D:3      | Reached skill level 5 in Conjurations
  3306 | D:3      | Found a snail-covered altar of Cheibriados.
  3503 | D:4      | Noticed an ogre
  3586 | D:4      | Paralysed by a giant eyeball for 3 turns
  3592 | D:4      | Paralysed by a giant eyeball for 4 turns
  3606 | D:4      | Paralysed by a giant eyeball for 4 turns
  3631 | D:4      | Reached XP level 6. HP: 25/41 MP: 2/10
  3757 | D:4      | Noticed an ogre
  3761 | D:4      | Killed an ogre
  3852 | D:4      | Reached skill level 6 in Conjurations
  4154 | D:4      | Found a burning altar of Makhleb.
  4159 | D:4      | Killed an ogre
  4159 | D:4      | Reached XP level 7. HP: 46/46 MP: 7/12
  4260 | D:4      | Noticed an ogre
  4287 | D:4      | Killed an ogre
  4287 | D:4      | Reached skill level 7 in Conjurations
  4363 | D:4      | Noticed a cacodemon
  4368 | D:4      | Noticed an orange demon
  4368 | D:4      | Noticed an orange demon
  4396 | D:4      | Noticed an ogre
  4452 | D:4      | Killed an ogre
  4738 | D:5      | Entered Level 5 of the Dungeon
  4828 | D:5      | Found a shattered altar of Ashenzari.
  4828 | D:5      | Found a snail-covered altar of Cheibriados.
  4981 | D:5      | Reached XP level 8. HP: 36/52 MP: 8/13
  5064 | D:5      | Found an iron altar of Okawaru.
  5088 | D:5      | Reached skill level 8 in Conjurations
  5387 | D:5      | Reached skill level 9 in Conjurations
  5809 | D:6      | Reached XP level 9. HP: 14/57 MP: 4/14
  5960 | D:6      | Found a bloodstained altar of Trog.
  6172 | D:6      | Reached skill level 10 in Conjurations
  6779 | D:7      | Identified a +0 rod of the swarm (14/14) (You found it on level 7 of the Dungeon)
  6849 | D:7      | Found a gateway to a ziggurat.
  6849 | D:7      | Noticed an angel
  6851 | D:7      | Noticed an angel
  7103 | D:7      | Reached skill level 11 in Conjurations
  7569 | D:7      | Found a staircase to the Ecumenical Temple.
  7575 | Temple   | Entered the Ecumenical Temple
  7630 | D:7      | Learned a level 5 spell: Fulminant Prism
  7961 | D:8      | Found a radiant altar of Vehumet.
  8010 | D:8      | Found a sparkling altar of Nemelex Xobeh.
  8011 | D:8      | Found a white marble altar of Elyvilon.
  8012 | D:8      | Found a deep blue altar of Sif Muna.
  8012 | D:8      | Found a burning altar of Makhleb.
  8013 | D:8      | Found a basalt altar of Yredelemnul.
  8014 | D:8      | Found a blossoming altar of Fedhas.
  8025 | D:8      | Reached XP level 10. HP: 40/63 MP: 2/16
  8072 | D:8      | Reached skill level 1 in Hexes
  8241 | D:8      | Became a worshipper of Vehumet
  8497 | D:8      | Paralysed by a yellow wasp for 1 turns
  9099 | D:9      | Found an ancient bone altar of Kikubaaqudgha.
  9346 | D:9      | Found Xeghir's Gadget Shop.
  9419 | D:9      | Acquired Vehumet's first power
  9419 | D:9      | Offered knowledge of Sandblast by Vehumet.
  9729 | D:9      | Reached skill level 12 in Conjurations
  9729 | D:9      | Reached skill level 5 in Hexes
 10285 | D:10     | Entered Level 10 of the Dungeon
 10342 | D:10     | Found Schojytith's Weapon Boutique.
 10741 | D:10     | Offered knowledge of Shock by Vehumet.
 10744 | D:10     | Learned a level 1 spell: Shock
 11018 | D:11     | Noticed a centaur warrior
 11018 | D:11     | Shot with an arrow by a centaur warrior

Action                   |  1- 3 |  4- 6 |  7- 9 | 10-12 || total
-------------------------+-------+-------+-------+-------++-------
Melee: Unarmed           |    32 |    35 |    15 |       ||    82
       Mace              |    14 |   101 |       |       ||   115
       Dagger            |       |     5 |       |       ||     5
       Halberd           |       |       |   171 |       ||   171
       Trident           |       |       |    56 |    45 ||   101
       Short sword       |       |       |       |    50 ||    50
 Cast: Magic Dart        |    36 |     9 |    15 |     1 ||    61
       Searing Ray       |     7 |    33 |    73 |    51 ||   164
       Iskenderun's Myst |       |       |    13 |    10 ||    23
       Fulminant Prism   |       |       |       |     9 ||     9
 Abil: Bottle Blood      |       |     4 |    36 |    26 ||    66
Evoke: Wand              |       |    11 |     2 |     3 ||    16
  Use: Potion            |     3 |     9 |    33 |    29 ||    74
       Scroll            |     4 |     8 |     8 |    13 ||    33
 Stab: Sleeping          |     1 |     2 |     9 |       ||    12
       Invisible         |       |     1 |       |     2 ||     3
